AoeStats
← Rattack

Arabia

509902941Analyzed
1v1 RM · 5d ago on Sep 28, 2026· 32m 35s· 2 players
Game mode
Random Map
Map size
Tiny (2 player)
Population
200
Speed
Normal
Resources
Standard
Victory
Conquest
Starting age
Dark Age
Ending age
Imperial Age
RankedLock teamsTeams togetherTeam positionsShared explorationLock speedFull tech treeHidden civsTurbo modeCheats
Victory
Defeat
🇫🇮 Vikings · Finland
1508
+16
🇩🇪 Koreans · Germany
1499
-16
koljasch
8:15 Loom
10:39 Feudal Age
11:59 Double-Bit Axe
15:59 Castle Age
16:58 Bow Saw
19:08 Horse Collar
23:31 Town Watch
23:50 Crossbowman
Rattack
9:49 Feudal Age
9:51 Man-at-Arms
15:21 Loom
15:38 Fletching
17:03 Horse Collar
21:26 Castle Age
19:39 Double-Bit Axe
20:01 Scale Mail Armor
21:36 Gold Mining
24:45 Chain Mail Armor
Connection lost

Rejoining the realm…

Still unreachable

The connection could not be restored.

Session expired

The server has moved on; the page needs a fresh start.